 Dungeon Crawl Stone Soup version 0.21.1-1-g345015fe64 (webtiles) character file.

93679 PikkenKukken the Impaler (level 15, -4/190 HPs)
             Began as a Demonspawn Berserker on June 10, 2018.
             Was a High Priest of Trog.
             Slain by a titanic slime creature (72 damage)
             ... on level 2 of the Swamp on June 11, 2018.
             The game lasted 01:52:35 (30391 turns).

PikkenKukken the Impaler (Demonspawn Berserker)    Turns: 30391, Time: 01:52:35

Health: -4/190     AC: 40    Str: 30    XL:     15   Next: 61%
Magic:  5/5        EV: 16    Int:  5    God:    Trog [*****.]
Gold:   2007       SH:  0    Dex: 15    Spells: 14/14 levels left

rFire    + . .     SeeInvis .   a - +8 glaive (antimagic)
rCold    + + .     Gourm    .   (shield currently unavailable)
rNeg     + + .     Faith    +   e - +7 plate armour
rPois    .         Spirit   .   (helmet restricted)
rElec    +         Reflect  .   N - +1 cloak of Starlight {rElec rC+ EV+4 Stlth--}
rCorr    +         Harm     .   O - +0 pair of gloves "Rycyif" {rF+ rN++ rCorr Int-4}
MR       +++..     Clarity  +   (boots unavailable)
Stlth    ..........             H - amulet of faith
HPRegen  0.41/turn              l - ring of protection from magic
MPRegen  0.09/turn              u - +4 ring of strength

@: berserking, very quick
A: claws 1, hooves 3, horns 1, thin metallic scales 3, camouflage 1, blurry
vision 1, clarity, cold resistance 1, icemail, magic resistance 1, sense
surroundings 1, spiny 1, evolution 1, freezing cloud immunity
a: Berserk, Trog's Hand, Brothers in Arms, Burn Spellbooks, Renounce Religion


You were on level 2 of the Swamp.
You worshipped Trog.
Trog was extremely pleased with you.
You were not hungry.

You visited 4 branches of the dungeon, and saw 24 of its levels.

You collected 3031 gold pieces.
You spent 1024 gold pieces at shops.

Inventory:

Hand Weapons
 a - a +8 antimagic glaive (weapon)
 b - the +12 arbalest "Sorrag" {elec, Dex+2 SInv}
   (Trog gifted it to you on level 14 of the Dungeon)

   It charges the ammunition it shoots with electricity; occasionally upon a
   hit, such missiles may discharge and cause terrible harm.
   It affects your dexterity (+2).
   It lets you see invisible.
 T - a +5 bardiche of protection
Missiles
 m - 464 bolts
Armour
 e - a +7 plate armour (worn)
 v - the +1 ring mail of Freedom {MR++}
   (You found it on level 5 of the Dungeon)

   It affects your resistance to hostile enchantments.
 N - the +1 cloak of Starlight (worn) {rElec rC+ EV+4 Stlth--}
   (You found it on level 6 of the Lair of Beasts)

   It affects your evasion (+4).
   It protects you from cold.
   It insulates you from electricity.
   It makes you much less stealthy.
 O - the +0 pair of gloves "Rycyif" (worn) {rF+ rN++ rCorr Int-4}
   (You bought it in a shop on level 2 of the Orcish Mines)

   It affects your intelligence (-4).
   It protects you from fire.
   It greatly protects you from negative energy.
   It protects you from acid and corrosion.
Jewellery
 l - a ring of protection from magic (left hand)
 q - an uncursed ring of positive energy
 u - a +4 ring of strength (right hand)
 H - an amulet of faith (around neck)
Wands
 d - a wand of disintegration (7)
 h - a wand of iceblast (9)
 C - a wand of flame (56)
 U - a wand of digging (31)
Scrolls
 g - 16 scrolls of teleportation
 j - a scroll of fog
 k - 9 scrolls of remove curse
 B - 4 scrolls of fear
 M - 2 scrolls of blinking
 X - 2 scrolls of magic mapping
Potions
 f - 2 potions of might
 n - 4 potions of agility
 o - 4 potions of brilliance
 p - 5 potions of heal wounds
 s - a potion of invisibility
 w - 4 potions of flight
 A - a potion of berserk rage
 J - 3 potions of ambrosia
 K - 12 potions of curing
 L - 4 potions of cancellation
Books
 P - a book of Battle

   Spells                             Type                      Level
   a - Infusion                       Charms                       1
   b - Shroud of Golubria             Charms/Translocation         2
   c - Song of Slaying                Charms                       2
   d - Spectral Weapon                Hexes/Charms                 3
   e - Regeneration                   Charms/Necromancy            3
   Trog disapproves of the use of such an item.
 Q - a book of Fire

   Spells                             Type                      Level
   a - Ignite Poison                  Fire/Transmutation/Poison    3
   b - Fireball                       Conjuration/Fire             5
   c - Bolt of Fire                   Conjuration/Fire             6
   d - Ring of Flames                 Charms/Fire                  7
   e - Ignition                       Fire                         8
   Trog disapproves of the use of such an item.
 R - a book of Geomancy

   Spells                             Type                      Level
   a - Sandblast                      Earth                        1
   b - Passwall                       Transmutation/Earth          2
   c - Stone Arrow                    Conjuration/Earth            3
   d - Petrify                        Transmutation/Earth          4
   e - Lee's Rapid Deconstruction     Earth                        5
   Trog disapproves of the use of such an item.
 Z - a book of Battle

   Spells                             Type                      Level
   a - Infusion                       Charms                       1
   b - Shroud of Golubria             Charms/Translocation         2
   c - Song of Slaying                Charms                       2
   d - Spectral Weapon                Hexes/Charms                 3
   e - Regeneration                   Charms/Necromancy            3
   Trog disapproves of the use of such an item.
Comestibles
 c - 35 rations


   Skills:
 * Level 14.7 Fighting
 + Level 15.3 Polearms
 * Level 7.6 Crossbows
 * Level 11.8 Armour
 + Level 7.6 Dodging
 - Level 1.1 Stealth


You had 14 spell levels left.
You didn't know any spells.

Dungeon Overview and Level Annotations

Branches:
Dungeon (14/15)            Temple (0/1) D:6            Lair (6/6) D:9
  Swamp (2/4) Lair:3       Spider (0/4) Lair:4          Orc (2/2) D:11
    Elf (0/3) Orc:2        Vaults (0/5) D:13
  Slime: Lair:5-6

Altars:
Ashenzari
Gozag
Hepliaklqana
Kikubaaqudgha
Ru
Trog
Uskayaw
Wu Jian
Yredelemnul
The Shining One
Beogh

Shops:
D:5 (   D:9 :   D:12 [   D:14 *   Orc:2 *:*!

Annotations:
Lair:6 exclusion: oklob plant


Innate Abilities, Weirdness & Mutations

You have hooves in place of feet.
You are completely covered in thin metallic scales. (AC +4, rElec)
Your flesh is cold resistant. (rC+)
A meltable icy envelope protects you from harm. (AC +10)
You are partially covered in sharp spines.
You are immune to freezing clouds.
You have sharp fingernails.
You have a pair of small horns on your head.
Your skin changes colour to match your surroundings (Stealth+).
Scrolls take you a little longer to read.
You possess an exceptional clarity of mind.
You are resistant to hostile enchantments. (MR+)
You passively map a small area around you.
You evolve.


Message History

The titanic slime creature hits you!!!
An insubstantial wisp comes into view.
You hit the titanic slime creature.
You kick the titanic slime creature, but do no damage.
You headbutt the titanic slime creature!
The titanic slime creature is severely wounded.
The titanic slime creature is struck by your spines.
The titanic slime creature closely misses you.
An insubstantial wisp comes into view.
You slash the titanic slime creature!
You kick the titanic slime creature, but do no damage.
You headbutt the titanic slime creature!
The titanic slime creature is severely wounded.
The titanic slime creature hits you!!
A red film seems to cover your vision as you go berserk!
You feel yourself moving faster!
You feel mighty!
You feel quite a bit more hungry.
The titanic slime creature is struck by your spines.
The titanic slime creature hits you!!!!
You die...

♣♣....♣♣♣.≈≈≈≈≈≈≈≈≈
♣.§≈♣♣ ♣..≈≈≈≈≈≈≈≈
♣♣.♣♣ ♣♣.≈≈≈≈≈≈≈.
♣.♣♣ ♣♣.≈.≈≈... ♣.♣
♣♣♣♣♣♣... ♣.♣ ♣.♣
♣.♣ ♣.♣ ♣@♣ ♣J♣ *
♣J♣


vv♣ .v( ** ♣.≈( , ** , *.≈≈. ≈ ..≈.≈ You could see a titanic slime creature, a
large slime creature and 3 insubstantial wisps.

Vanquished Creatures
  Agnes (D:14)
  The ghost of Gargoyl the Protected, a journeyman CeAK of Lugonu (Orc:2)
  Azrael (D:12)
  Josephine (Orc:1)
  Erolcha (Orc:1)
  A vault guard (D:13)
  7 hydras
  2 centaur warriors
  5 alligators
  3 two-headed ogres
  Urug (Lair:3)
  4 unseen horrors
  The ghost of fellowfoe the Covert, a novice SpAs of Okawaru (D:9)
  2 wizards (D:13)
  2 swamp dragons
  2 lindwurms (Lair:6)
  4 orc knights
  An orc sorcerer (Orc:1)
  2 manticores (Lair:6)
  6 ugly things
  A deep elf mage (D:14)
  2 cyclopes
  Maurice (Orc:1)
  12 elephants
  6 black mambas (Lair:6)
  Joseph (D:7)
  A torpor snail (Lair:6)
  A gargoyle (D:14)
  Psyche (D:11)
  17 spiny frogs
  2 efreet
  A centaur skeleton (D:13)
  2 rime drakes (Lair:6)
  4 komodo dragons
  5 trolls
  2 jumping spiders (Lair:4)
  Grinder (D:3)
  A tyrant leech (Swamp:2)
  10 polar bears
  A raiju (Lair:6)
  9 slime creatures
  A bog body (Swamp:1)
  A dream sheep (Lair:6)
  6 blink frogs
  17 hippogriffs
  5 redbacks
  A shadow (Swamp:1)
  A water elemental (D:14)
  5 wraiths (Orc:1)
  3 wyverns
  6 basilisks
  A hungry ghost (D:9)
  25 yaks
  21 humans (D:13)
  A steam dragon (Lair:3)
  A fire elemental (D:12)
  8 wargs
  10 swamp worms
  6 vampire mosquitoes
  5 insubstantial wisps (Swamp:1)
  11 water moccasins
  A soldier ant (D:10)
  2 acid dragons
  9 porcupines
  20 hell hounds
  4 swamp drakes
  49 orc warriors
  3 sky beasts
  3 ice beasts
  4 phantoms
  12 black bears
  2 necrophages
  The ghost of Hercules1031 the Skirmisher, an amateur DsCK of Xom (D:3)
  2 eyes of draining
  8 boggarts (D:14)
  19 wolves
  11 ogres
  18 centaurs
  15 crocodiles
  32 bullfrogs
  3 big kobolds
  A wyvern zombie (D:13)
  A water moccasin zombie (D:9)
  6 scorpions
  16 killer bees
  4 howler monkeys
  11 wights
  6 electric eels
  11 crimson imps
  2 centaur zombies
  9 jellies
  A wyvern simulacrum (D:14)
  5 hounds
  A quasit (D:10)
  18 orc priests
  22 orc wizards
  4 bullfrog skeletons
  3 iguanas
  7 worker ants
  A hound skeleton (D:4)
  A howler monkey zombie (D:11)
  16 adders
  16 gnolls
  2 shadow imps
  7 oozes
  2 adder skeletons
  3 worms
  A dart slug (D:3)
  6 leopard geckos
  111 orcs
  5 ball pythons
  12 giant cockroaches
  8 goblins
  8 hobgoblins
  12 jackals
  27 kobolds
  6 quokkas
  9 bats
  6 frilled lizards
  A giant cockroach zombie (D:6)
  A quokka skeleton (D:7)
  15 rats
  A plant (Lair:1)
887 creatures vanquished.

Vanquished Creatures (collateral kills)
  Snorg (D:13)
  A catoblepas (Lair:6)
  4 ugly things (D:14)
  Duvessa (D:7)
  Dowan (D:7)
  2 orc priests (D:7)
  An orc (D:7)
11 creatures vanquished.

Vanquished Creatures (others)
  A wraith (D:14)
  4 fungi
  11 plants
16 creatures vanquished.

Grand Total: 914 creatures vanquished

Notes
Turn   | Place    | Note
-------+----------+-------------------------------------------
     0 | D:1      | PikkenKukken the Demonspawn Berserker began the quest for the Orb.
     0 | D:1      | Reached XP level 1. HP: 18/18 MP: 1/1
    52 | D:1      | Reached skill level 3 in Polearms
   206 | D:1      | Gained mutation: Your flesh is cold resistant. (rC+) [demonic ancestry]
   206 | D:1      | Reached XP level 2. HP: 23/24 MP: 2/2
   694 | D:1      | Gained mutation: You are partially covered in sharp spines. [demonic ancestry]
   694 | D:1      | Reached XP level 3. HP: 29/29 MP: 3/3
   712 | D:1      | Reached ** piety under Trog
  1086 | D:2      | Reached skill level 1 in Stealth
  1143 | D:2      | Reached XP level 4. HP: 29/35 MP: 4/4
  2204 | D:3      | Reached skill level 4 in Polearms
  2215 | D:3      | Gained mutation: You are partially covered in thin metallic scales. (AC +2) [demonic ancestry]
  2215 | D:3      | Reached XP level 5. HP: 12/42 MP: 5/5
  2429 | D:3      | Noticed Hercules1031's ghost (amateur DsCK)
  2441 | D:3      | Killed Hercules1031's ghost
  2457 | D:3      | Found an ornate altar of the Wu Jian Council.
  2496 | D:3      | Noticed an ogre
  2502 | D:3      | Noticed Grinder
  2525 | D:3      | Killed an ogre
  2525 | D:3      | Reached XP level 6. HP: 49/49 MP: 6/6
  2531 | D:3      | Killed Grinder
  2531 | D:3      | Reached skill level 5 in Polearms
  2531 | D:3      | Gained mutation: You have large cloven feet. [demonic ancestry]
  2531 | D:3      | Reached XP level 7. HP: 55/55 MP: 7/7
  2587 | D:3      | Found a sacrificial altar of Ru.
  2635 | D:3      | Found a hide-covered altar of Uskayaw.
  2637 | D:3      | Noticed a dagger
  2637 | D:3      | Noticed a hand axe
  2742 | D:3      | Reached *** piety under Trog
  2752 | D:3      | Found a glowing golden altar of the Shining One.
  3134 | D:4      | Found an opulent altar of Gozag.
  3193 | D:4      | Found a bloodstained altar of Trog.
  3230 | D:4      | Reached skill level 5 in Fighting
  3339 | D:4      | Found a basalt altar of Yredelemnul.
  3574 | D:4      | Reached skill level 6 in Polearms
  3873 | D:5      | Entered Level 5 of the Dungeon
  3879 | D:5      | Found Lesk's Weapon Shoppe.
  4129 | D:5      | Found a sacrificial altar of Ru.
  4157 | D:5      | Gained mutation: You are mostly covered in thin metallic scales. (AC +3) [demonic ancestry]
  4157 | D:5      | Reached XP level 8. HP: 63/63 MP: 8/8
  4545 | D:5      | Got an encrusted ring mail
  4546 | D:5      | Identified the +1 ring mail of Freedom {MR++} (You found it on level 5 of the Dungeon)
  4741 | D:6      | Found a staircase to the Ecumenical Temple.
  4799 | D:6      | Reached **** piety under Trog
  4896 | D:6      | Reached skill level 7 in Polearms
  4930 | D:6      | HP: 2/64 [centaur/arrow (12)]
  5263 | D:5      | Reached skill level 5 in Armour
  6100 | D:7      | Noticed Duvessa
  6101 | D:7      | Noticed Dowan
  6107 | D:7      | Killed Duvessa
  6107 | D:7      | Gained mutation: You have hoof-like feet. [demonic ancestry]
  6107 | D:7      | Reached XP level 9. HP: 71/71 MP: 9/9
  6121 | D:7      | Killed Dowan
  6312 | D:7      | Found a shattered altar of Ashenzari.
  6599 | D:7      | Gained mutation: You are completely covered in thin metallic scales. (AC +4, rElec) [potion of mutation]
  6599 | D:7      | Gained mutation: You have sharp fingernails. [potion of mutation]
  6599 | D:7      | Gained mutation: You have hooves in place of feet. [potion of mutation]
  6599 | D:7      | Gained mutation: You evolve. [potion of mutation]
  6612 | D:7      | Got a jewelled rapier
  6613 | D:7      | Identified the cursed +3 rapier "Joxkitul" {antimagic, +Inv +Fly rPois} (You found it on level 7 of the Dungeon)
  6672 | D:7      | Reached skill level 8 in Polearms
  6932 | D:7      | Noticed Joseph
  6947 | D:7      | Killed Joseph
  6968 | D:7      | Gained mutation: You are resistant to hostile enchantments. (MR+) [evolution]
  7078 | D:7      | Received a gift from Trog
  7174 | D:7      | Reached skill level 9 in Polearms
  7377 | D:8      | Noticed a two-headed ogre
  7395 | D:7      | Killed a two-headed ogre
  7398 | D:7      | Reached XP level 10. HP: 71/80 MP: 10/10
  7437 | D:8      | Found the +8 demon blade "Bloodbane" {slice, *Rage +Rage Stlth-}
  7489 | D:8      | Gained mutation: Your skin changes colour to match your surroundings (Stealth+). [evolution]
  8417 | D:8      | Found an ancient bone altar of Kikubaaqudgha.
  8762 | D:9      | Found a hazy altar of Hepliaklqana.
  8821 | D:9      | Noticed fellowfoe's ghost (novice SpAs)
  8837 | D:9      | Killed fellowfoe's ghost
  8882 | D:9      | Found a staircase to the Lair.
  9011 | D:9      | Reached skill level 10 in Polearms
  9121 | D:9      | Reached ***** piety under Trog
  9250 | D:9      | Found Taax's Book Shop.
  9613 | Lair:1   | Entered Level 1 of the Lair of Beasts
  9879 | Lair:1   | Mutation became permanent: You have hoof-like feet. [demonic ancestry]
  9879 | Lair:1   | Gained mutation: You have hooves in place of feet. [demonic ancestry]
  9879 | Lair:1   | Reached XP level 11. HP: 89/89 MP: 11/11
 10064 | Lair:1   | Reached skill level 5 in Dodging
 10481 | Lair:1   | Gained mutation: You passively map a small area around you. [evolution]
 10733 | Lair:2   | Received a gift from Trog
 10776 | Lair:2   | Reached skill level 11 in Polearms
 11318 | Lair:3   | Reached skill level 10 in Fighting
 11563 | Lair:3   | Found a staircase to the Swamp.
 12221 | Lair:3   | Noticed a four-headed hydra
 12232 | Lair:2   | Killed a four-headed hydra
 12272 | Lair:3   | Noticed Urug
 12379 | Lair:3   | Killed Urug
 12379 | Lair:3   | Reached XP level 12. HP: 99/99 MP: 12/12
 12771 | Lair:3   | Noticed an eight-headed hydra
 12780 | Lair:3   | Killed an eight-headed hydra
 13314 | Lair:4   | Reached skill level 12 in Polearms
 13840 | Lair:4   | Found a hole to the Spider Nest.
 15090 | Lair:5   | Received a gift from Trog
 15583 | Lair:5   | Reached skill level 1 in Crossbows
 15872 | Lair:6   | Entered Level 6 of the Lair of Beasts
 15872 | Lair:6   | Found the +1 cloak of Starlight {rElec rC+ EV+4 Stlth--}
 15876 | Lair:6   | Gained mutation: You are immune to freezing clouds. [demonic ancestry]
 15876 | Lair:6   | Reached XP level 13. HP: 109/109 MP: 4/13
 16022 | Lair:6   | Gained mutation: You have a pair of small horns on your head. [evolution]
 16192 | Lair:6   | Reached skill level 13 in Polearms
 17103 | Lair:6   | Reached skill level 10 in Armour
 18625 | Lair:6   | Received a gift from Trog
 19009 | D:10     | Entered Level 10 of the Dungeon
 19389 | D:10     | Gained mutation: You possess an exceptional clarity of mind. [evolution]
 19780 | D:11     | Gained mutation: A meltable icy envelope protects you from harm. (AC +10) [demonic ancestry]
 19780 | D:11     | Reached XP level 14. HP: 118/118 MP: 4/14
 19866 | D:11     | Found a staircase to the Orcish Mines.
 19958 | D:11     | Reached ****** piety under Trog
 20036 | D:11     | Got a jasper-encrusted scale mail
 20047 | D:11     | Identified the +3 scale mail "Hess" {+Inv MR+ Int-3 Stlth+} (You found it on level 11 of the Dungeon)
 20069 | D:11     | Received a gift from Trog
 20681 | D:11     | Noticed Psyche
 20685 | D:11     | Killed Psyche
 20900 | D:11     | Reached skill level 14 in Polearms
 21237 | Orc:1    | Entered Level 1 of the Orcish Mines
 21241 | Orc:1    | Noticed Erolcha
 21244 | Orc:1    | Killed Erolcha
 21284 | Orc:1    | Received a gift from Trog
 21832 | Orc:2    | Entered Level 2 of the Orcish Mines
 21832 | Orc:2    | Noticed Josephine
 21837 | Orc:2    | Noticed Maurice
 21846 | Orc:1    | Killed Josephine
 21905 | Orc:1    | Killed Maurice
 22059 | Orc:2    | Noticed Gargoyl's ghost (journeyman CeAK)
 22097 | Orc:1    | Reached skill level 5 in Crossbows
 22763 | Orc:2    | Killed Gargoyl's ghost
 23305 | Orc:2    | Received a gift from Trog
 23477 | Orc:2    | Found a staircase to the Elven Halls.
 23847 | Orc:2    | Found Lyecaybb's Book Shop.
 23847 | Orc:2    | Found Moocogaf's Assorted Antiques.
 23849 | Orc:2    | Found Qerrityq's Distillery.
 23851 | Orc:2    | Found Fereudd's Assorted Antiques.
 23868 | Orc:2    | Bought a potion of cancellation for 104 gold pieces
 23868 | Orc:2    | Bought a potion of curing for 39 gold pieces
 23868 | Orc:2    | Bought 2 potions of curing for 78 gold pieces
 23873 | Orc:2    | Bought a glowing sapphire amulet for 140 gold pieces
 23873 | Orc:2    | Bought a pair of polished gloves for 266 gold pieces
 23876 | Orc:2    | Bought a potion of heal wounds for 165 gold pieces
 23892 | Orc:2    | Identified the cursed +0 pair of gloves "Rycyif" {rF+ rN++ rCorr Int-4} (You bought it in a shop on level 2 of the Orcish Mines)
 23946 | Orc:1    | Found a roughly hewn altar of Beogh.
 24186 | Orc:2    | Gained mutation: Scrolls take you a little longer to read. [evolution]
 25262 | D:12     | Received a gift from Trog
 25302 | D:12     | Found Nithre Rats's Armour Shop.
 25575 | Swamp:1  | Entered Level 1 of the Swamp
 26038 | Swamp:1  | Received a gift from Trog
 26342 | D:13     | Noticed Azrael
 26385 | D:12     | Killed Azrael
 27141 | D:13     | Noticed Snorg
 27145 | D:13     | Killed Snorg
 27681 | D:13     | Reached XP level 15. HP: 126/126 MP: 15/15
 27883 | D:13     | Found a gate to the Vaults.
 28148 | D:14     | Found Raon's Assorted Antiques.
 28150 | D:14     | Reached skill level 15 in Polearms
 28156 | D:14     | Bought a scroll of enchant armour for 232 gold pieces
 28165 | D:14     | Noticed Agnes
 28178 | D:14     | Killed Agnes
 28531 | D:14     | Received a gift from Trog
 28549 | D:14     | Got an encrusted arbalest {god gift}
 28550 | D:14     | Identified the +12 arbalest "Sorrag" {elec, Dex+2 SInv} (Trog gifted it to you on level 14 of the Dungeon)
 30391 | Swamp:2  | Slain by a titanic slime creature

Skill      XL: |  1  2  3  4  5  6  7  8  9 10 11 12 13 14 15 |
---------------+----------------------------------------------+-----
Polearms       | 3 4 5 6 7 9 10 11 12 13 14 15 | 15.3
Dodging        | 2 3 4 5 6 7 |  7.6
Stealth        | 1 |  1.1
Armour         | 2 3 5 6 7 8 9 10 11 | 11.8
Fighting       | 4 5 6 7 9 10 12 13 14 | 14.7
Crossbows      | 1 4 6 7 |  7.6

Action                   |  1- 3 |  4- 6 |  7- 9 | 10-12 | 13-15 || total
-------------------------+-------+-------+-------+-------+-------++-------
Melee: Spear             |   132 |    53 |       |       |       ||   185
       Halberd           |       |    29 |   261 |    16 |       ||   306
       Kick              |       |       |    63 |   263 |   271 ||   597
       Trident           |       |       |       |   636 |       ||   636
       Glaive            |       |       |       |    37 |   877 ||   914
       Headbutt          |       |       |       |       |   169 ||   169
       Bardiche          |       |       |       |       |   113 ||   113
 Fire: Arbalest          |       |       |       |     2 |   156 ||   158
Invok: Berserk           |     2 |     3 |     5 |     8 |    14 ||    32
       Trog's Hand       |       |     2 |     3 |       |     1 ||     6
       Brothers in Arms  |       |       |     2 |       |     3 ||     5
  Use: Potion            |     3 |     4 |     7 |     1 |     3 ||    18
       Scroll            |     4 |     2 |     8 |     9 |    13 ||    36
 Stab: Sleeping          |     2 |       |       |     8 |       ||    10
       Paralysed         |       |       |     1 |       |       ||     1
       Distracted        |       |       |     1 |     1 |       ||     2
  Eat: Chunk             |     2 |     7 |    19 |    34 |    28 ||    90
       Ration            |       |       |     1 |     4 |    10 ||    15
Armor: Animal skin       |    17 |     2 |       |       |       ||    19
       Scale mail        |       |    12 |    49 |       |       ||    61
       Ring mail         |       |       |    47 |   218 |   353 ||   618
       Plate armour      |       |       |       |       |    66 ||    66
Dodge: Dodged            |    68 |    22 |   131 |   299 |   978 ||  1498
